 Dungeon Crawl Stone Soup version 0.25-a0-930-g9f5dfa9 (webtiles) character file.

Game seed: 7329222180017391342, levelgen mode: deterministic

1 DrEnzyme the Magician (level 1, -2/9 HPs)
             Began as a Spriggan Wanderer on May 3, 2020.
             Killed from afar by a dart slug (4 damage)
             ... with a slug dart
             ... on level 1 of the Dungeon.
             The game lasted 00:00:31 (121 turns).

DrEnzyme the Magician (Spriggan Wanderer)            Turns: 121, Time: 00:00:31

Health: -2/9       AC:  2    Str:  9    XL:     1   Next: 16%
Magic:  6/6        EV: 15    Int: 13    God:
Gold:   0          SH:  0    Dex: 14    Spells: 7/8 levels left

rFire    . . .     SeeInvis +   a - +0 dagger
rCold    . . .     Gourm    .   (shield restricted)
rNeg     . . .     Faith    .   c - +0 robe
rPois    .         Spirit   .   (helmet restricted)
rElec    .         Reflect  .   (no cloak)
rCorr    .         Harm     .   (gloves unavailable)
MR       .....                  (boots unavailable)
Stlth    ++........             (no amulet)
HPRegen  0.03/turn              (no ring)
MPRegen  0.10/turn              (no ring)

@: very slightly contaminated, very quick
A: very small, unfitting armour, see invisible, herbivore, speed 3, slow
metabolism 2
a: no special abilities


You were on level 1 of the Dungeon.
You were not hungry.

You visited 1 branch of the dungeon, and saw 1 of its levels.

Inventory:

Hand Weapons
 a - a +0 dagger (weapon)
Armour
 c - a +0 robe (worn)
Comestibles
 f - a ration


   Skills:
 + Level 3.0 Stealth
 + Level 4.1 Spellcasting
   Level 1.2 Hexes
   Level 3.0 Charms
   Level 1.7 Necromancy


You had 7 spell levels left.
You knew the following spells:

 Your Spells              Type           Power        Failure   Level  Hunger
a - Magic Dart            Conj           #...         21%         1    None

Your spell library contained the following spells:

 Spells                   Type           Power        Failure   Level  Hunger
 Slow                     Hex            #.......     19%         2    ##.....
 Summon Small Mammal      Summ           #...         21%         1    None
 Blink                    Tloc           N/A          30%         2    ##.....
 Call Imp                 Summ           #.......     30%         2    ##.....
 Call Canine Familiar     Summ           #.......     52%         3    ###....
 Conjure Flame            Conj/Fire      #.......     52%         3    ###....
 Mephitic Cloud           Conj/Pois/Air  #.......     52%         3    ###....


Dungeon Overview and Level Annotations

Branches:
Dungeon (1/15)

Altars:


Innate Abilities, Weirdness & Mutations

You are very small and have problems with some larger weapons.
You are too small for most types of armour.
You have supernaturally acute eyesight. (SInv)
You are a herbivore.
You cover ground extremely quickly.
You need to consume almost no food.


Message History

You hit the hobgoblin.
The hobgoblin is almost dead.
The hobgoblin misses you.
You closely miss the hobgoblin.
The hobgoblin is severely wounded.
The hobgoblin misses you.
You hit the hobgoblin but do no damage.
The hobgoblin is severely wounded.
The dart slug misses you. The hobgoblin misses you.
You hit the hobgoblin.
You kill the hobgoblin!
The dart slug launches a dart at you. The slug dart hits you.
Ouch! That really hurt!
* * * LOW HITPOINT WARNING * * *
You aren't carrying any potions.
You aren't carrying any scrolls.
The dart slug launches a dart at you. The slug dart hits you.
You die...

............###≈.#
............##≈≈≈#
# ....!......##≈≈##
#. #........#≈≈##
+.. #........#≈≈#
#...#...).w..#≈##
+.......#≈#.##≈#
#.......#≈#.#≈≈#
#......##≈#@#≈≈#
#......#≈≈#.#≈≈####
#......#≈≈#.##≈≈#≈#
#...w###≈≈####≈≈#≈#
...... #≈##≈###≈≈≈#
....#. #≈##≈# #≈≈≈#
###.#. #≈##≈# #≈≈##
#≈##≈# #≈##
#≈#≈≈###≈#


You could see a dart slug.

Vanquished Creatures
  A hobgoblin (D:1)
1 creature vanquished.

Notes
Turn   | Place    | Note
-------+----------+-------------------------------------------
     0 | D:1      | DrEnzyme the Spriggan Wanderer began the quest for the Orb.
     0 | D:1      | DrEnzyme set off with the following items: a +0 dagger, a
                  | +0 robe, a ration; and the following spells available to
                  | memorise: Slow, Magic Dart, Summon Small Mammal, Blink,
                  | Call Imp, Call Canine Familiar, Conjure Flame, Mephitic
                  | Cloud
     0 | D:1      | Reached XP level 1. HP: 9/9 MP: 6/6
     2 | D:1      | Learned a level 1 spell: Magic Dart
   121 | D:1      | Killed from afar by a dart slug

Levels and vault maps discovered:
D:1:      nzn_arrival_depleted_hourglass, layout_basic,
          chequers_serial_rivers_large_b

Action                   || total
-------------------------++-------
Melee: Dagger            ||    16
Dodge: Dodged            ||    15

Table legend:
 A = Non-vault XP
 B = Vault XP
 C = Vault XP percentage of total XP
 D = Non-vault monster count
 E = Vault monster count
 F = Vault count percentage of total count
                 A         B        C        D         E       F
            +---------+---------+-------+---------+---------+-------
      Total |       2 |       0 |   0.0 |       1 |       0 |   0.0
            +---------+---------+-------+---------+---------+-------
        D:1 |       2 |       0 |   0.0 |       1 |       0 |   0.0
            +---------+---------+-------+---------+---------+-------
